BSA
NIAGARA FALLS FRENZY @ BAFFIN ISLAND BEAVERS
08/14/2026
 
TOP OF THE 1ST
Niagara Falls Frenzy batting - Pitching for Baffin Island Beavers : RHP Robert Reeves
Pitching: RHP Robert Reeves
Batting: RHB Hidetada Kichida 0-0: Ball
1-0: Ball
2-0: Called Strike
2-1: Ground out U3 (Groundball, 3L)
Batting: RHB Zander Tremblett 0-0: Ball
1-0: Foul Ball, location: 2F
1-1: Ball
2-1: Called Strike
2-2: Ball
3-2: Ground out 6-3 (Groundball, 6)
Batting: LHB Dante Owens 0-0: Called Strike
0-1: Ball
1-1: DOUBLE (Flyball, 78XD)
Batting: SHB Martín De Jesús 0-0: Ball
1-0: Called Strike
1-1: Ball
2-1: Foul Ball, location: 2F
2-2: Strikes out swinging
Top of the 1st over - 0 run(s), 1 hit(s), 0 error(s), 1 left on base; Niagara Falls 0 - Baffin Island 0
BOTTOM OF THE 1ST
Baffin Island Beavers batting - Pitching for Niagara Falls Frenzy : RHP Ed Jones
Pitching: RHP Ed Jones
Batting: LHB Chris Bates 0-0: Ball
1-0: Called Strike
1-1: Ball
2-1: Ground out 4-3 (Groundball, 34)
Batting: LHB Jeff Cole 0-0: Ball
1-0: Ball
2-0: Ball
3-0: Base on Balls
Batting: RHB Dave Craig 0-0: Fly out, F8 (Flyball, 8RM)
Batting: LHB Lorenzo Villa 0-0: Ball
1-0: Ball
2-0: Called Strike
2-1: Foul Ball, location: 2F
2-2: Fielders Choice at 2nd, U4 (Groundball, 4M)
Bottom of the 1st over - 0 run(s), 0 hit(s), 0 error(s), 1 left on base; Niagara Falls 0 - Baffin Island 0
TOP OF THE 2ND
Niagara Falls Frenzy batting - Pitching for Baffin Island Beavers : RHP Robert Reeves
Batting: RHB Ángel Hinojosa 0-0: Ball
1-0: Called Strike
1-1: Foul Ball, location: 2F
1-2: Ball
2-2: SINGLE (Line Drive, 7S)
Batting: LHB Bill Hall 0-0: Ball
1-0: Ball
2-0: Ball
3-0: Called Strike
3-1: Base on Balls
Ángel Hinojosa to second
Batting: RHB Luther Stoffels 0-0: Ball
1-0: Ball
2-0: Called Strike
2-1: Fly out, F7 (Flyball, 7D)
Batting: RHB Jung-ha Kim 0-0: Called Strike
0-1: Fly out, F6 (Popup, 56)
Batting: RHB Santiago Zambrano 0-0: Swinging Strike
0-1: Ball
1-1: Called Strike
1-2: Strikes out looking
Top of the 2nd over - 0 run(s), 1 hit(s), 0 error(s), 2 left on base; Niagara Falls 0 - Baffin Island 0
BOTTOM OF THE 2ND
Baffin Island Beavers batting - Pitching for Niagara Falls Frenzy : RHP Ed Jones
Batting: LHB Mario García 0-0: Foul Ball, location: 2F
0-1: Called Strike
0-2: Foul Ball, location: 2F
0-2: Ground out 4-3 (Groundball, 4)
Batting: LHB Keng-chi Lao 0-0: Ball
1-0: SINGLE (Groundball, 34D)
Batting: LHB José Berroa 0-0: Ball
1-0: Foul Ball, location: 2F
1-1: Ball
2-1: Ball
3-1: Called Strike
3-2: Base on Balls
Keng-chi Lao to second
Batting: LHB Mike MacFadden 0-0: Ball
1-0: Foul Ball, location: 2F
1-1: Foul Ball, location: 2F
1-2: Ball
2-2: Grounds out, U3 (Groundball, 3L)
Keng-chi Lao to third
Batting: RHB Mario López 0-0: Ball
1-0: Ball
2-0: Ball
3-0: Swinging Strike
3-1: Ground out 4-3 (Groundball, 4M)
Bottom of the 2nd over - 0 run(s), 1 hit(s), 0 error(s), 2 left on base; Niagara Falls 0 - Baffin Island 0
TOP OF THE 3RD
Niagara Falls Frenzy batting - Pitching for Baffin Island Beavers : RHP Robert Reeves
Batting: RHB Hidetada Kichida 0-0: Called Strike
0-1: Ball
1-1: Called Strike
1-2: Ball
2-2: Strikes out swinging
Batting: RHB Zander Tremblett 0-0: Ball
1-0: Foul Ball, location: 2F
1-1: Called Strike
1-2: Strikes out looking
Batting: LHB Dante Owens 0-0: Called Strike
0-1: Foul Ball, location: 2F
0-2: Foul Ball, location: 2F
0-2: Fly out, F8 (Flyball, 8RM)
Top of the 3rd over - 0 run(s), 0 hit(s), 0 error(s), 0 left on base; Niagara Falls 0 - Baffin Island 0
BOTTOM OF THE 3RD
Baffin Island Beavers batting - Pitching for Niagara Falls Frenzy : RHP Ed Jones
Batting: LHB Chris Bates 0-0: Called Strike
0-1: Foul Ball, location: 2F
0-2: Ball
1-2: Ground out 4-3 (Groundball, 4)
Batting: LHB Jeff Cole 0-0: Ball
1-0: Called Strike
1-1: Ball
2-1: Foul Ball, location: 2F
2-2: Foul Ball, location: 2F
2-2: Ball
3-2: Ground out 4-3 (Groundball, 34)
Batting: RHB Dave Craig 0-0: Fly out, F8 (Flyball, 8LD)
Bottom of the 3rd over - 0 run(s), 0 hit(s), 0 error(s), 0 left on base; Niagara Falls 0 - Baffin Island 0
TOP OF THE 4TH
Niagara Falls Frenzy batting - Pitching for Baffin Island Beavers : RHP Robert Reeves
Batting: SHB Martín De Jesús 0-0: Foul Ball, location: 2F
0-1: Ball
1-1: Fly out, F8 (Flyball, 8RXD)
Batting: RHB Ángel Hinojosa 0-0: Called Strike
0-1: Ball
1-1: DOUBLE (Flyball, 78D)
Batting: LHB Bill Hall 0-0: Foul Ball, location: 2F
0-1: Foul Ball, location: 2F
0-2: Ball
1-2: Ball
2-2: Foul Ball, location: 2F
2-2: Foul Ball, location: 2F
2-2: Ball
3-2: Foul Ball, location: 2F
3-2: Base on Balls
Batting: RHB Luther Stoffels 0-0: Ball
1-0: Fly out, F9 (Flyball, 9LS)
Batting: RHB Jung-ha Kim 0-0: Ball
1-0: Called Strike
1-1: Foul Ball, location: 2F
1-2: Ball
2-2: Ball
3-2: Foul Ball, location: 2F
3-2: Strikes out looking
Top of the 4th over - 0 run(s), 1 hit(s), 0 error(s), 2 left on base; Niagara Falls 0 - Baffin Island 0
BOTTOM OF THE 4TH
Baffin Island Beavers batting - Pitching for Niagara Falls Frenzy : RHP Ed Jones
Batting: LHB Lorenzo Villa 0-0: Ball
1-0: Ball
2-0: Foul Ball, location: 2F
2-1: SOLO HOME RUN (Flyball, 8RXD) (Inside the Park)
Batting: LHB Mario García 0-0: Foul Ball, location: 2F
0-1: Swinging Strike
0-2: Ball
1-2: Ball
2-2: Ball
3-2: Base on Balls
Batting: LHB Keng-chi Lao 0-0: Ball
1-0: SINGLE (Groundball, 4MD)
Mario García to second
Batting: LHB José Berroa 0-0: Fly out, F7 (Flyball, 78D)
Batting: LHB Mike MacFadden 0-0: Ball
1-0: Ball
2-0: Ball
3-0: Base on Balls
Mario García to third
Keng-chi Lao to second
Batting: RHB Mario López 0-0: Called Strike
0-1: Ball
1-1: Foul Ball, location: 2F
1-2: Foul Ball, location: 2F
1-2: Fly out, F6 (Line Drive, 56)
Batting: LHB Chris Bates 0-0: Ball
1-0: Ball
2-0: Foul Ball, location: 2F
2-1: Ball
3-1: Base on Balls
Mario García scores
Keng-chi Lao to third
Mike MacFadden to second
Batting: LHB Jeff Cole 0-0: Called Strike
0-1: Foul Ball, location: 2F
0-2: Ball
1-2: Strikes out swinging
Bottom of the 4th over - 2 run(s), 2 hit(s), 0 error(s), 3 left on base; Niagara Falls 0 - Baffin Island 2
TOP OF THE 5TH
Niagara Falls Frenzy batting - Pitching for Baffin Island Beavers : RHP Robert Reeves
Batting: RHB Santiago Zambrano 0-0: Foul Ball, location: 2F
0-1: Ball
1-1: Foul Ball, location: 2F
1-2: Strikes out looking
Batting: RHB Hidetada Kichida 0-0: Ball
1-0: Ball
2-0: Called Strike
2-1: Ground out 4-3 (Groundball, 34)
Batting: RHB Zander Tremblett 0-0: Called Strike
0-1: Ball
1-1: Ball
2-1: Ball
3-1: Called Strike
3-2: Foul Ball, location: 2F
3-2: Ground out 4-3 (Groundball, 4)
Top of the 5th over - 0 run(s), 0 hit(s), 0 error(s), 0 left on base; Niagara Falls 0 - Baffin Island 2
BOTTOM OF THE 5TH
Baffin Island Beavers batting - Pitching for Niagara Falls Frenzy : RHP Ed Jones
Batting: RHB Dave Craig 0-0: Called Strike
0-1: Fly out, F8 (Flyball, 8LXD)
Batting: LHB Lorenzo Villa 0-0: Ball
1-0: Called Strike
1-1: Foul Ball, location: 2F
1-2: Ball
2-2: Ball
3-2: Base on Balls
Batting: LHB Mario García 0-0: Called Strike
0-1: Foul Ball, location: 2F
0-2: Ball
1-2: Ball
2-2: Foul Ball, location: 2F
2-2: Ball
3-2: Base on Balls
Lorenzo Villa to second
Batting: LHB Keng-chi Lao 0-0: Ball
1-0: Ball
2-0: Called Strike
2-1: Ball
3-1: Swinging Strike
3-2: Foul Ball, location: 2F
3-2: Ground out 6-3 (Groundball, 6S)
Lorenzo Villa to third
Mario García to second
Pitching: RHP Luis López
Batting: LHB José Berroa 0-0: Ball
1-0: Swinging Strike
1-1: Called Strike
1-2: Ball
2-2: Ball
3-2: Strikes out swinging
Bottom of the 5th over - 0 run(s), 0 hit(s), 0 error(s), 2 left on base; Niagara Falls 0 - Baffin Island 2
TOP OF THE 6TH
Niagara Falls Frenzy batting - Pitching for Baffin Island Beavers : RHP Robert Reeves
Batting: LHB Dante Owens 0-0: Called Strike
0-1: Fly out, F8 (Flyball, 8LD)
Batting: SHB Martín De Jesús 0-0: Called Strike
0-1: Ground out 5-3 (Groundball, 56)
Batting: RHB Ángel Hinojosa 0-0: Called Strike
0-1: Ball
1-1: Called Strike
1-2: Ball
2-2: Strikes out swinging
Top of the 6th over - 0 run(s), 0 hit(s), 0 error(s), 0 left on base; Niagara Falls 0 - Baffin Island 2
BOTTOM OF THE 6TH
Baffin Island Beavers batting - Pitching for Niagara Falls Frenzy : RHP Luis López
Batting: LHB Mike MacFadden 0-0: Ball
1-0: Called Strike
1-1: Foul Ball, location: 2F
1-2: Ball
2-2: Strikes out swinging
Batting: RHB Mario López 0-0: Fly out, F7 (Flyball, 7D)
Batting: LHB Chris Bates 0-0: Called Strike
0-1: Fly out, F4 (Line Drive, 4)
Bottom of the 6th over - 0 run(s), 0 hit(s), 0 error(s), 0 left on base; Niagara Falls 0 - Baffin Island 2
TOP OF THE 7TH
Niagara Falls Frenzy batting - Pitching for Baffin Island Beavers : RHP Robert Reeves
Batting: LHB Bill Hall 0-0: Ball
1-0: SINGLE (Line Drive, 9S)
Pitching: LHP Manuel Parra
Batting: RHB Luther Stoffels 0-0: Sac Bunt - play at first, batter OUT! 1-3
Bill Hall to second
Pitching: RHP António Ramos
Batting: RHB Jung-ha Kim 0-0: Foul Ball, location: 2F
0-1: Ball
1-1: Foul Ball, location: 2F
1-2: Ball
2-2: Strikes out swinging
Batting: RHB Santiago Zambrano 0-0: Swinging Strike
0-1: Foul Ball, location: 2F
0-2: Ball
1-2: Strikes out swinging
Top of the 7th over - 0 run(s), 1 hit(s), 0 error(s), 1 left on base; Niagara Falls 0 - Baffin Island 2
BOTTOM OF THE 7TH
Baffin Island Beavers batting - Pitching for Niagara Falls Frenzy : RHP Luis López
Batting: LHB Jeff Cole 0-0: Fly out, F4 (Line Drive, 4)
Batting: RHB Dave Craig 0-0: Foul Ball, location: 2F
0-1: Swinging Strike
0-2: Ball
1-2: Strikes out looking
Batting: LHB Lorenzo Villa 0-0: Ball
1-0: SINGLE (Line Drive, 4D)
Batting: LHB Mario García 0-0: Ball
1-0: Fielders Choice at 2nd, 6-4 (Groundball, 6)
Bottom of the 7th over - 0 run(s), 1 hit(s), 0 error(s), 0 left on base; Niagara Falls 0 - Baffin Island 2
TOP OF THE 8TH
Niagara Falls Frenzy batting - Pitching for Baffin Island Beavers : RHP António Ramos
Batting: RHB Hidetada Kichida 0-0: Called Strike
0-1: Fly out, F9 (Flyball, 89S)
Pitching: RHP Juan Gonzáles
Batting: RHB Zander Tremblett 0-0: Ball
1-0: Swinging Strike
1-1: Called Strike
1-2: Ball
2-2: Strikes out looking
Batting: LHB Dante Owens 0-0: Foul Ball, location: 2F
0-1: Ball
1-1: Ball
2-1: Foul Ball, location: 2F
2-2: Foul Ball, location: 2F
2-2: Foul Ball, location: 2F
2-2: Ball
3-2: Fly out, F7 (Line Drive, 78S)
Top of the 8th over - 0 run(s), 0 hit(s), 0 error(s), 0 left on base; Niagara Falls 0 - Baffin Island 2
BOTTOM OF THE 8TH
Baffin Island Beavers batting - Pitching for Niagara Falls Frenzy : RHP Luis López
Pitching: LHP António Bueno
Batting: LHB Keng-chi Lao 0-0: Ball
1-0: Fly out, F6 (Popup, 5)
Batting: LHB José Berroa 0-0: Ball
1-0: Ball
2-0: Swinging Strike
2-1: Foul Ball, location: 2F
2-2: Strikes out swinging
Batting: LHB Mike MacFadden 0-0: Ball
1-0: Ball
2-0: SOLO HOME RUN (Flyball, 9D), Distance : 423 ft
Batting: RHB Mario López 0-0: Called Strike
0-1: SINGLE (Groundball, 5D)
Batting: LHB Chris Bates 0-0: Ball
1-0: Fly out, F7 (Flyball, 7LS)
Bottom of the 8th over - 1 run(s), 2 hit(s), 0 error(s), 1 left on base; Niagara Falls 0 - Baffin Island 3
TOP OF THE 9TH
Niagara Falls Frenzy batting - Pitching for Baffin Island Beavers : RHP Juan Gonzáles
Pitching: LHP Edgardo Guzmán
Batting: SHB Martín De Jesús 0-0: Foul Ball, location: 2F
0-1: Ball
1-1: Fly out, F9 (Flyball, 89M)
Batting: RHB Ángel Hinojosa 0-0: Called Strike
0-1: Fly out, F8 (Flyball, 8LM)
Batting: LHB Bill Hall 0-0: Ground out 4-3 (Groundball, 34)
Top of the 9th over - 0 run(s), 0 hit(s), 0 error(s), 0 left on base; Niagara Falls 0 - Baffin Island 3
Monday, December 5th, 2016 - OOTP Baseball 17.12 Build 75